 Dungeon Crawl Stone Soup version 0.16-a0-4112-g89a4107 (webtiles) character file.

116 Kaesh the Skirmisher (level 5, -3/85 HPs)
             Began as an Ogre Berserker on Feb 27, 2015.
             Was a Priest of Trog.
             Slain by a phantom (6 damage)
             ... on level 4 of the Dungeon.
             The game lasted 00:10:42 (3324 turns).

Kaesh the Skirmisher (Ogre Berserker)               Turns: 3324, Time: 00:10:42

Health: -3/85      AC:  3    Str: 28    XL:     5   Next: 0%
Magic:  5/5        EV: 10    Int:  6    God:    Trog [***...]
Gold:   101        SH:  0    Dex:  9    Spells: 0 memorised, 4 levels left

rFire  . . .     SeeInvis .     a - +0 mace
rCold  . . .     Clarity  .     b - +0 animal skin
rNeg   . . .     SustAb   .     (shield restricted)
rPois  .         Gourm    .     (helmet restricted)
rElec  .         Spirit   .     (no cloak)
rCorr  .         Warding  .     (gloves unavailable)
rMut   .         Stasis   .     (boots unavailable)
MR     .....                    (no amulet)
Stlth  ..........               (no ring)
                                (no ring)

@: berserking, very quick, not resistant to hostile enchantments, extremely
unstealthy
A: unfitting armour, tough skin 1
a: Burn Spellbooks, Berserk, Trog's Hand, Renounce Religion


You were on level 4 of the Dungeon.
You worshipped Trog.
Trog was most pleased with you.
You were not hungry.

You visited 1 branch of the dungeon, and saw 4 of its levels.

You collected 101 gold pieces.

Inventory:

Hand weapons
 a - a +0 mace (weapon)
Armour
 b - a +0 animal skin (worn)
 p - a +0 robe
 s - a +0 animal skin
Magical devices
 c - a wand of slowing (41)
 u - a wand of digging (12)
Scrolls
 d - 3 scrolls of identify {unknown}
 e - 2 scrolls of teleportation {unknown}
 f - a scroll of noise {unknown}
 h - a scroll of blinking {unknown}
 i - a scroll of magic mapping {unknown}
 j - 3 scrolls of amnesia {unknown}
 k - a scroll of immolation {unknown}
 l - a scroll of random uselessness {unknown}
 m - 3 scrolls of remove curse {unknown}
Potions
 g - a potion of invisibility {unknown}
 o - 3 potions of curing
 q - a potion of magic {unknown}
 r - a potion of degeneration
Comestibles
 n - a bread ration
 t - a meat ration


   Skills:
 + Level 5.4 Fighting
 + Level 4.5 Maces & Flails
 + Level 1.7 Armour
 + Level 3.0 Dodging
 + Level 1.0 Stealth


You had 4 spell levels left.
You didn't know any spells.

Dungeon Overview and Level Annotations

Branches:
Dungeon (4/15)
 Temple: D:4-7

Altars:
Ashenzari
Cheibriados
Gozag
Kikubaaqudgha
Makhleb
Nemelex Xobeh
Trog
Yredelemnul
The Shining One


Innate Abilities, Weirdness & Mutations

You are too large for most types of armour.
You have tough skin (AC +1).


Message History

You feel yourself moving faster!
You feel mighty!
You feel somewhat more hungry. The phantom barely misses you.
You sock the phantom!
The phantom is heavily damaged.
The phantom hits you.
* * * LOW HITPOINT WARNING * * *
You closely miss the phantom.
The phantom is heavily damaged.
The phantom blinks!
You feel a strong urge to attack something.
The phantom hits you!
* * * LOW HITPOINT WARNING * * *
You closely miss the phantom.
The phantom is heavily damaged.
The phantom hits you.
* * * LOW HITPOINT WARNING * * *
You barely miss the phantom.
The phantom is heavily damaged.
The phantom hits you.
You die...

#..##.# ###..$...
#........ # #.#..##.#
#.####.#..##.#
#.........##.########
.#.......##........#
#.#.)..ยง..##.........
.........@W........#
..............###.#
#.#.##................
# # #....##..###.#.#
#....##....
............. #
............. #
##....##..... .
...##...##


You could see a phantom.

Vanquished Creatures
  A giant frog skeleton (D:4)
  Robin (D:3)
  2 worms
  4 giant geckos
  2 oozes
  9 goblins
  10 hobgoblins
  10 bats
  9 giant cockroaches
  4 giant newts
  5 kobolds
  4 rats
61 creatures vanquished.

Notes
Turn   | Place    | Note
--------------------------------------------------------------
     0 | D:1      | Kaesh, the Ogre Berserker, began the quest for the Orb.
     0 | D:1      | Reached XP level 1. HP: 24/24 MP: 1/1
   576 | D:1      | Reached XP level 2. HP: 22/33 MP: 2/2
  1000 | D:1      | Acquired Trog's second power
  1327 | D:2      | Found an opulent altar of Gozag.
  1335 | D:2      | Reached XP level 3. HP: 37/40 MP: 3/3
  1589 | D:2      | Found a glowing golden altar of the Shining One.
  2494 | D:3      | Noticed Robin
  2503 | D:3      | Reached skill level 5 in Fighting
  2510 | D:3      | Killed Robin
  2510 | D:3      | Reached XP level 4. HP: 47/50 MP: 4/4
  2737 | D:3      | Found a burning altar of Makhleb.
  2738 | D:3      | Found a basalt altar of Yredelemnul.
  2742 | D:3      | Found a bloodstained altar of Trog.
  2743 | D:3      | Found an ancient bone altar of Kikubaaqudgha.
  2744 | D:3      | Found a shattered altar of Ashenzari.
  2744 | D:3      | Found a sparkling altar of Nemelex Xobeh.
  3114 | D:4      | Found a snail-covered altar of Cheibriados.
  3149 | D:4      | Reached skill level 1 in Stealth
  3157 | D:4      | Reached XP level 5. HP: 28/57 MP: 5/5
  3304 | D:4      | Noticed a phantom
  3323 | D:4      | HP: 3/85 [phantom (5)]
  3324 | D:4      | Slain by a phantom

Action                   |  1- 3 |  4- 6 || total
-------------------------+-------+-------++-------
Melee: Mace              |   171 |    75 ||   246
Invok: Berserk           |     3 |     2 ||     5
  Use: Potion            |       |     2 ||     2
  Eat: Chunk             |     2 |       ||     2
       Meat ration       |     1 |       ||     1
       Bread ration      |       |     2 ||     2
